 Dungeon Crawl Stone Soup version 0.31-a0-620-gd1cbd99268 (webtiles) character file.

Game seed: 2281267352433888704

10893 RepHenryClay the Nimble (level 11, -3/54 HPs)
             Began as a Deep Elf Hedge Wizard on Aug 24, 2023.
             Was a Believer of Vehumet.
             Slain by a catoblepas (28 damage)
             ... on level 1 of the Lair of Beasts.
             The game lasted 00:24:41 (10794 turns).

RepHenryClay the Nimble (Deep Elf Hedge Wizard)    Turns: 10794, Time: 00:24:42

Health: -3/54      AC:  8    Str:  7    XL:     11   Next: 42%
Magic:  28/28      EV: 20    Int: 28    God:    Vehumet [**....]
Gold:   442        SH:  5    Dex: 16    Spells: 22/32 levels left

rFire   . . .        a - +1 dagger (venom)
rCold   . . .        (no shield)
rNeg    . . .        z - +0 steam dragon scales
rPois   +            f - +0 helmet
rElec   .            (no cloak)
rCorr   .            v - +0 pair of gloves
SInv    .            x - +0 pair of boots
Will    +....        s - amulet of reflection
Stlth   ++           A - +6 ring of intelligence
HPRegen 0.29/turn    c - ring of poison resistance
MPRegen 0.21/turn

%: reflection
@: frozen, very slow
A: no striking features
a: Renounce Religion


You were on level 1 of the Lair of Beasts.
You worshipped Vehumet.
Vehumet was pleased with you.
You visited 3 branches of the dungeon, and saw 13 of its levels.

You collected 702 gold pieces.
You spent 260 gold pieces at shops.

Inventory:

Hand Weapons
 a - a +1 dagger of venom (weapon)
 r - a +0 dagger
Armour
 f - a +0 helmet (worn)
 v - a +0 pair of gloves (worn)
 x - a +0 pair of boots (worn)
 z - +0 steam dragon scales (worn)
 H - a +0 troll leather armour
Jewellery
 c - a ring of poison resistance (right hand)
 q - a ring of magical power
 s - an amulet of reflection (around neck)
 A - a +6 ring of intelligence (left hand)
 F - a +6 ring of strength
Wands
 i - a wand of flame (4)
 y - a wand of roots (12)
 C - a wand of paralysis (5)
 I - a wand of light (6)
 K - a wand of digging (6)
Scrolls
 d - 3 scrolls of enchant armour
 g - 3 scrolls of revelation
 k - 2 scrolls of enchant weapon
 l - a scroll of teleportation
 m - a scroll of poison
 n - 3 scrolls of amnesia
 u - a scroll of vulnerability {unknown}
 w - 2 scrolls of fear {unknown}
 B - 2 scrolls of immolation {unknown}
 D - 4 scrolls of blinking {unknown}
 E - a scroll of noise {unknown}
 L - a scroll of fog {unknown}
Potions
 b - 2 potions of ambrosia
 e - a potion of magic
 h - 2 potions of heal wounds
 j - 3 potions of brilliance
 o - a potion of resistance {unknown}
 p - 2 potions of curing
 t - a potion of haste
 G - 2 potions of might
 J - a potion of cancellation


   Skills:
 * Level 14.0 Dodging
 - Level 2.4 Stealth
 + Level 11.2 Spellcasting
 + Level 11.6 Conjurations
 - Level 1.1 Summonings
 - Level 5.0 Translocations


You had 22 spell levels left.
You knew the following spells:

 Your Spells              Type           Power      Damage    Failure   Level
a - Magic Dart            Conj           100%       1d8       1%          1
b - Mephitic Cloud        Conj/Pois/Air  37%        N/A       2%          3
c - Iskenderun's Mystic   Conj/Tloc      58%        2d12      1%          4
Q - Blink                 Tloc           86%        N/A       1%          2

Your spell library contained the following spells:

 Spells                   Type           Power      Damage    Failure   Level
 Searing Ray              Conj           100%       2d8       1%          2
 Lesser Beckoning         Tloc           86%        N/A       1%          2
 Momentum Strike          Conj/Tloc      100%       3d10      1%          2
 Summon Small Mammal      Summ           84%        N/A       2%          1
 Slow                     Hex            60%        N/A       3%          1
 Call Imp                 Summ           42%        N/A       3%          2
 Portal Projectile        Hex/Tloc       58%        N/A       3%          3
 Cigotuvi's Dreadful Rot  Necr/Pois/Air  30%        N/A       5%          2
 Call Canine Familiar     Summ           21%        N/A       7%          3
 Summon Guardian Golem    Hex/Summ       18%        N/A       9%          3
 Ozocubu's Armour         Ice            15%        N/A       11%         3
 Tukima's Dance           Hex            15%        N/A       11%         3
 Anguish                  Hex/Necr       7%         N/A       34%         4
 Cause Fear               Hex            7%         N/A       34%         4
 Metabolic Englaciation   Hex/Ice        7%         N/A       69%         5
 Simulacrum               Ice/Necr       7%         N/A       99%         6
 Enfeeble                 Hex            7%         N/A       100%        7
 Ozocubu's Refrigeration  Ice            7%         4d9       100%        7
 Polar Vortex             Ice            7%         12d1*     100%        9


Dungeon Overview and Level Annotations

Branches:
Dungeon (11/15)            Temple (1/1) D:5            Lair (1/5) D:10
    Orc (0/2) D:9

Altars:
Ashenzari
Cheibriados
Dithmenos
Elyvilon
Fedhas
Gozag
Hepliaklqana
Kikubaaqudgha
Makhleb
Nemelex Xobeh
Okawaru
Qazlal
Ru
Sif Muna
Trog
Uskayaw
Vehumet
Wu Jian
Xom
Yredelemnul
Zin
The Shining One

Shops:
D:6 *   D:8 =   D:9 *

Annotations:
D:2 Terence
D:4 Grinder
D:8 unfinished
D:9 2 transporters


Message History

The catoblepas is engulfed in noxious fumes.
The catoblepas is engulfed in noxious fumes.
The catoblepas appears confused.
The catoblepas closely misses you. The rime drake breathes ice at you.
The icy flash freeze hits you.
You are encased in ice.
You climb upwards.
Welcome back to the Dungeon!
There is a staircase to the Lair here.
Damage: -8%(-4hp) hp: 50%(27hp) Unknown command.
You start resting.
The ice encasing you melts away.
Magic restored.
There is a stone staircase leading down here.
You climb downwards.
Found a scroll labelled XUNOODW CIKLUH.
There is a stone staircase leading up here.
Unknown command.
D - 4 scrolls labelled XUNOODW CIKLUH (gained 1)
There is a stone staircase leading up here.
You can't go down here!
You climb upwards.
There is a stone staircase leading down here.
You start resting.
HP restored.
What level of the Lair of Beasts? (default 1, ? - help)
There is a staircase to the Lair here.
You climb downwards.
Welcome back to the Lair of Beasts!
The rime drake breathes ice at you. The icy flash freeze hits you!!
You are encased in ice.
The catoblepas gores you!!
* * * LOW HITPOINT WARNING * * *
There is a staircase back to the Dungeon, spattered with blood here.
Huge Dmg: -85%(-46hp) hp: 15%(8hp) Unknown command.
Okay, then.
You feel much better. The catoblepas gores you!!
Ouch! That really hurt!
You die...

#.......# #.......## .
#........# ..####
#######.......##
......###..............##
.........................
.........................
.......÷k................
....#.Y@.................
.........................
.......#.#..###..........
..#######.### ##......##.
# ### #(......###
##.......P# #........##
##...†...# #........#


You could see a catoblepas and a rime drake.

Vanquished Creatures
  A two-headed ogre (D:10)
  Urug (D:10)
  A black mamba (Lair:1)
  A cane toad (Lair:1)
  Maggie (D:7)
  A kobold demonologist (D:10)
  2 komodo dragons
  3 trolls (D:10)
  Prince Ribbit (D:8)
  12 yaks
  A wraith (D:9)
  3 wyverns
  2 steam dragons
  Menkaure (D:4)
  An acid dragon (D:9)
  8 water moccasins
  5 orc warriors
  A swamp drake (D:9)
  4 black bears
  An ogre (D:6)
  3 centaurs
  5 bullfrogs
  3 kobold brigands
  4 scorpions
  4 wights (D:8)
  8 killer bees
  A jelly (D:6)
  3 hounds
  8 orc priests
  Jessica (D:2)
  A gnoll bouda (D:6)
  14 orc wizards
  4 iguanas
  6 gnolls
  9 adders
  2 white imps (D:6)
  An ufetubus (D:6)
  3 dart slugs
  35 orcs
  4 endoplasms
  2 giant cockroaches (D:1)
  10 goblins
  9 hobgoblins
  7 jackals
  11 kobolds
  5 quokkas
  3 ball pythons
  4 bats
  3 frilled lizards
  A rat (D:3)
225 creatures vanquished.

Vanquished Creatures (others)
  A killer bee (D:9)
  An orc (D:8)
  An endoplasm (D:4)
3 creatures vanquished.

Grand Total: 228 creatures vanquished

Notes
Turn   | Place    | Note
-------+----------+-------------------------------------------
     0 | D:1      | RepHenryClay the Deep Elf Hedge Wizard began the quest for
                  | the Orb.
     0 | D:1      | Reached XP level 1. HP: 10/10 MP: 7/7
   266 | D:1      | Reached XP level 2. HP: 15/15 MP: 6/9
   859 | D:2      | Noticed Jessica
   865 | D:2      | Killed Jessica
   866 | D:2      | Reached XP level 3. HP: 19/19 MP: 4/10
   951 | D:2      | Noticed Terence
   973 | D:2      | Learned a level 3 spell: Mephitic Cloud
   976 | D:2      | Learned a level 2 spell: Blink
  1240 | D:3      | Reached XP level 4. HP: 24/24 MP: 8/12
  1290 | D:3      | Found a broken altar of Ashenzari.
  1320 | D:3      | Found a faded altar of an unknown god.
  1971 | D:3      | Found a snail-covered altar of Cheibriados.
  2062 | D:3      | Found a hide-covered altar of Uskayaw.
  2333 | D:4      | Noticed a black bear
  2340 | D:4      | Killed a black bear
  2341 | D:4      | Reached XP level 5. HP: 28/28 MP: 13/13
  2424 | D:4      | Reached XP level 6. HP: 29/32 MP: 10/14
  2550 | D:4      | Found a blossoming altar of Fedhas.
  2853 | D:4      | Noticed Grinder
  2973 | D:5      | Entered Level 5 of the Dungeon
  3125 | D:5      | Found a hazy altar of Hepliaklqana.
  3125 | D:5      | Noticed an ice beast
  3217 | D:5      | Reached XP level 7. HP: 36/36 MP: 15/15
  3274 | D:5      | Reached skill level 3 in Dodging
  3400 | D:4      | Noticed Menkaure
  3415 | D:4      | Killed Menkaure
  3416 | D:4      | Reached skill level 4 in Dodging
  3469 | D:4      | Found a glowing golden altar of the Shining One.
  3471 | D:4      | Noticed an angel
  3476 | D:4      | Found a basalt altar of Yredelemnul.
  3478 | D:4      | Noticed a profane servitor
  3801 | D:4      | You fall into a shaft and drop 3 floors!
  3863 | D:6      | Found an ornate altar of the Wu Jian Council.
  3901 | D:6      | Reached skill level 5 in Dodging
  4151 | D:6      | Reached skill level 5 in Spellcasting
  4221 | D:6      | Found a bloodstained altar of Trog.
  4243 | D:6      | Learned a level 4 spell: Iskenderun's Mystic Blast
  4823 | D:5      | Found an ancient bone altar of Kikubaaqudgha.
  4876 | D:5      | Found a staircase to the Ecumenical Temple.
  4956 | Temple   | Entered the Ecumenical Temple
  5123 | D:6      | Reached XP level 8. HP: 41/41 MP: 17/17
  5186 | D:6      | Found Raxuchak's Serpentskin Sales.
  5493 | D:6      | Bought a ring of poison resistance for 260 gold pieces
  5526 | D:6      | Reached skill level 5 in Translocations
  5526 | D:6      | Reached skill level 6 in Dodging
  6140 | D:7      | Noticed Maggie
  6157 | D:7      | Killed Maggie
  6158 | D:7      | Reached skill level 7 in Dodging
  6224 | D:7      | Found a radiant altar of Vehumet.
  6230 | D:7      | Became a worshipper of Vehumet
  6966 | D:8      | Reached skill level 8 in Dodging
  6966 | D:8      | Reached XP level 9. HP: 45/45 MP: 7/20
  7158 | D:8      | Found a shimmering altar of Xom.
  7271 | D:8      | Found Xeqown's Jewellery Boutique.
  7285 | D:8      | Paralysed by an orc wizard for 5 turns
  7302 | D:8      | Reached skill level 9 in Dodging
  7492 | D:8      | Noticed Prince Ribbit
  7515 | D:8      | Killed Prince Ribbit
  7515 | D:8      | Reached * piety under Vehumet
  7515 | D:8      | Offered knowledge of Kiss of Death by Vehumet.
  7616 | D:8      | Found an iron altar of Okawaru.
  7799 | D:8      | Reached skill level 10 in Dodging
  8038 | D:9      | Found a transporter.
  8042 | D:9      | Found a transporter.
  8074 | D:9      | Reached skill level 10 in Conjurations
  8074 | D:9      | Reached XP level 10. HP: 41/50 MP: 18/24
  8081 | D:9      | Reached skill level 11 in Dodging
  8307 | D:9      | Found Zin's Purification Station.
  8311 | D:9      | Found a glowing silver altar of Zin.
  8549 | D:9      | Found a staircase to the Orcish Mines.
  8796 | D:9      | Found a shimmering blue altar of Sif Muna.
  8808 | D:9      | Offered knowledge of Searing Ray by Vehumet.
  8810 | D:9      | Reached ** piety under Vehumet
  8852 | D:10     | Entered Level 10 of the Dungeon
  8888 | D:10     | Noticed Urug
  8918 | D:10     | Killed Urug
  9033 | D:10     | Reached skill level 12 in Dodging
  9139 | D:10     | Noticed a two-headed ogre
  9156 | D:10     | Killed a two-headed ogre
  9157 | D:10     | Reached skill level 10 in Spellcasting
  9171 | D:10     | Noticed a sun demon
  9174 | D:10     | Noticed a sun demon
  9175 | D:10     | Found a staircase to the Lair.
  9427 | D:10     | Reached XP level 11. HP: 44/54 MP: 21/27
  9513 | D:10     | Reached skill level 13 in Dodging
 10334 | Lair:1   | Entered Level 1 of the Lair of Beasts
 10527 | Lair:1   | Noticed a catoblepas
 10535 | Lair:1   | Reached skill level 14 in Dodging
 10794 | Lair:1   | Slain by a catoblepas

Illustrated notes

Levels and vault maps discovered:
D:1:      dpeg_arrival_rooms_b, layout_rooms, nrook_mini_vaults,
          supply_closet_lemuel
D:2:      layout_rooms, basic_altar, uniq_terence, uniq_jessica
D:3:      layout_basic, ashenzari_altar_1, overflow_temple_1_default,
          marbit_many_paths, hellmonk_ecumenical_altar_dog_temple
D:4:      layout_layer_cave, grunt_temple_overflow_holy_war,
          mainiacjoe_overflow_alcove_4, uniq_menkaure, uniq_grinder
D:5:      layout_loops_corners, lemuel_doored_altar,
          mainiacjoe_overflow_alcove_2, temple_hall
D:6:      layout_basic, mainiacjoe_overflow_cross_hatched,
          nicolae_overflow_hidden_temple, guppyfry_shop_venom
D:7:      layout_cave_pods, nicolae_vehumet_altar_sigil,
          minmay_misc_feat_secret_circle, hangedman_decor_growths,
          minmay_misc_feat_pillars, nicolae_elevator_lobby_asterisk, uniq_maggie
D:8:      layout_rooms, tgw_xom, okawaru_altar_gauntlet_db, serial_shops,
          nicolae_shop_trees, kennysheep_opposing_triangles, uniq_prince_ribbit1
D:9:      gammafunk_beogh_shrine, layout_rooms, led_sif_book, zin_purify,
          erik_orc_1, serial_park_tiny_2
D:10:     layout_basic, due_lair_maze_entry_diamond, small_statue_alley_a,
          minmay_circle_x, uniq_urug
D:11:     layout_gridville
Temple:   hellmonk_temple_beads
Lair:1:   layout_hall_layers, special_room [special_room_bee]

Skill      XL: |  1  2  3  4  5  6  7  8  9 10 11 |
---------------+----------------------------------+-----
Conjurations   | 2 3 4 6 8 10 11 | 11.6
Dodging        | 5 8 10 12 14 | 14.0
Spellcasting   | 5 6 8 10 11 | 11.2
Translocations | 3 5 |  5.0
Stealth        | |  2.4
Summonings     | |  1.1

Action                     |  1- 3 |  4- 6 |  7- 9 | 10-12 || total
---------------------------+-------+-------+-------+-------++-------
  Melee: Dagger            |    27 |     7 |   123 |   159 ||   316
         Punch             |       |       |     1 |     1 ||     2
   Cast: Magic Dart        |    59 |   106 |   143 |    10 ||   318
         Mephitic Cloud    |       |     1 |    21 |    21 ||    43
         Iskenderun's Myst |       |       |    26 |    43 ||    69
  Evoke: Wand              |       |       |       |    11 ||    11
    Use: Potion            |       |     4 |     3 |     1 ||     8
         Scroll            |       |     2 |     1 |     9 ||    12
   Stab: Confused          |       |       |    13 |     5 ||    18
         Paralysed         |       |       |       |     4 ||     4
         Sleeping          |       |       |       |     3 ||     3
 Armour: Robe              |    10 |     3 |     7 |       ||    20
         Steam dragon scal |       |       |    16 |    37 ||    53
  Dodge: Dodged            |    25 |    12 |   108 |   161 ||   306
  Block: Other             |       |     1 |    35 |    33 ||    69
         Reflection        |       |       |     5 |     2 ||     7

Table legend: (Time is in decaauts)
 A = Elapsed time spent in this place.
 B = Non-inter-level travel time spent in this place.
 C = Inter-level travel time spent in this place.
 D = Time resting spent in this place.
 E = Time spent auto-exploring this place.
 F = Levels seen in this place.
 G = Mean time per level.
                   A        B        C        D        E       F      G
               +--------+--------+--------+--------+--------+-----+--------+
         Total |  10816 |  10205 |    611 |   1279 |   7190 |  13 |  832.0 |
       Dungeon |  10692 |  10082 |    610 |   1279 |   7161 |  11 |  972.0 |
        Temple |      1 |      1 |      0 |      0 |      0 |   1 |    1.0 |
          Lair |    121 |    121 |      0 |      0 |     29 |   1 |  121.0 |
               +--------+--------+--------+--------+--------+-----+--------+

Top non-repeatable levels by time:
    D:10: 1597 daAuts
     D:6: 1339 daAuts
     D:3: 1289 daAuts
     D:7: 1267 daAuts
     D:5: 1149 daAuts
     D:9: 1071 daAuts
     D:4: 976 daAuts
     D:8: 880 daAuts
     D:1: 873 daAuts
     D:2: 241 daAuts
  Lair:1: 121 daAuts
    D:11: 6 daAuts
  Temple: 1 daAuts
